Map: Cyber Forest LE

Players

HalfComatose - Winner!

  • Race: Terran Terran
  • League: Diamond
  • Spawn Location: 11:00

glhf

  • Race: Zerg Zerg
  • League: Diamond
  • Spawn Location: 5:00

VOD

Have the link to the VOD?

Description

Thors/hellbats

Time

  • Played on: March 31, 2019, 5:21 p.m.
  • Length: 17:14
Show
View Real Time Build Order
Export as new Build Order

HalfComatose Terran - Winner!

Build Orders: Reaper Expand, Mech 

Get SALT Encoding   

  12  0:01  SCV  
  13  0:13  SCV  
  14  0:18  Supply Depot  
  14  0:25  SCV  
  15  0:40  Barracks  
  15  0:49  SCV  
  16  0:57  Refinery  
  16  1:08  SCV  
  17  1:22  SCV  
  18  1:33  Command Center  
  18  1:35  Orbital Command  
  18  1:41  Reaper  
  19  1:50  Supply Depot  
  19  2:01  Refinery  
  19  2:02  SCV  
  20  2:20  SCV  
  21  2:25  Factory  
  20  2:32  Reaper  
  20  2:44  Command Center  
  20  2:57  SCV  
  21  3:16  Factory Reactor  
  21  3:30  Marine  
  21  3:34  SCV  
  22  3:36  Supply Depot  
  22  3:53  Hellion x2  
  22  3:54  SCV  
  27  3:58  Orbital Command  
  27  4:07  Barracks Tech Lab  
  27  4:10  SCV  
  28  4:18  Factory  
  28  4:21  Factory, Hellion x2  
  30  4:33  Orbital Command  
  30  4:38  SCV  
  31  4:40  Supply Depot  
  31  4:42  Hellion x2  
  35  4:50  SCV  
  36  4:56  Factory  
  36  4:58  SCV  
  37  5:02  SCV  
  37  5:03  Hellion  
  37  5:04  Hellion  
  42  5:11  SCV  
  42  5:13  Factory Tech Lab  
  42  5:14  Factory Tech Lab  
  43  5:16  SCV  
  43  5:21  Refinery  
  44  5:22  Refinery  
  44  5:23  SCV  
  43  5:28  SCV  
  44  5:39  Siege Tank, Hellion x2  
  44  5:42  SCV x2  
  51  5:53  Supply Depot  
  51  5:54  SCV x2  
  53  6:04  Siege Tank  
  56  6:06  SCV x2  
  56  6:11  Siege Tank  
  59  6:15  Hellion x2  
  59  6:18  SCV  
  64  6:20  Supply Depot  
  64  6:24  SCV  
  65  6:30  SCV  
  66  6:36  Siege Tank, SCV  
  68  6:43  Siege Tank  
  61  7:04  Hellion x2  
  61  7:05  SCV x2  
  61  7:08  Siege Tank  
  70  7:09  Factory Tech Lab  
  70  7:16  Starport  
  70  7:17  Engineering Bay  
  70  7:19  Factory, Armory  
  70  7:22  Factory  
  70  7:23  Armory  
  70  7:36  Command Center  
  66  7:47  Siege Tank x2  
  66  7:48  Siege Tank  
  74  7:54  SCV x2  
  74  7:58  Supply Depot x2  
  76  8:00  Starport Tech Lab  
  76  8:03  Factory Tech Lab  
  76  8:05  Factory Tech Lab  
  76  8:19  Terran Vehicle Weapons Level 1, Command Center  
  69  8:47  Siege Tank x4  
  79  9:04  Siege Tank  
  79  9:05  Hellbat x2  
  79  9:08  Terran Vehicle And Ship Armor Level 1  
  86  9:17  Missile Turret  
  86  9:18  Missile Turret  
  86  9:19  Missile Turret, Hellion x2  
  90  9:33  SCV x2  
  92  9:49  Orbital Command  
  92  9:51  SCV  
  92  9:52  SCV  
  94  10:03  SCV  
  94  10:04  SCV  
  96  10:07  Thor x2  
  96  10:11  Refinery  
  108  10:16  SCV  
  108  10:19  Supply Depot  
  109  10:29  Supply Depot  
  109  10:30  Supply Depot  
  109  10:35  Terran Vehicle Weapons Level 2  
  109  10:41  Hellbat x2, SCV x3  
  116  10:45  Thor x2, Missile Turret  
  116  10:46  Supply Depot  
  116  10:48  Supply Depot  
  116  10:50  Thor, Hellbat  
  116  10:51  Thor  
  116  10:52  Refinery  
  116  10:53  SCV x3  
  116  10:56  Command Center  
  133  11:08  Hellbat x2  
  133  11:09  Thor  
  143  11:16  Command Center  
  143  11:20  Raven  
  133  11:44  SCV x3  
  136  11:49  Thor, Siege Tank x2  
  148  11:56  SCV  
  148  11:58  Missile Turret  
  149  12:03  Missile Turret  
  149  12:05  Terran Vehicle And Ship Armor Level 2  
  149  12:07  SCV  
  150  12:22  Planetary Fortress  
  150  12:29  Missile Turret x2  
  149  12:50  Supply Depot  
  149  12:51  Supply Depot  
  149  12:58  Command Center  
  149  13:02  Missile Turret  
  149  13:03  Thor x2  
  149  13:04  Siege Tank x2, Missile Turret  
  170  13:05  Siege Tank  
  170  13:10  Refinery  
  170  13:12  Orbital Command  
  170  13:13  SCV x2  
  170  13:15  Supply Depot  
  172  13:27  Missile Turret  
  172  13:32  Hellbat x2  
  176  13:36  Siege Tank x2  
  176  13:38  Hellbat  
  183  13:46  Orbital Command  
  183  13:47  Hellbat x2  
  187  13:52  SCV x2  
  189  13:58  Thor  
  193  14:17  SCV x4  
  193  14:19  Refinery  
  196  14:34  SCV x3  
  199  14:39  Command Center  
  196  14:52  Siege Tank  
  185  15:20  Thor x2  
  194  15:41  Thor  
  200  15:49  Command Center  
  194  16:17  Missile Turret  
  194  16:18  Missile Turret x2  
  194  16:22  Missile Turret  
  194  16:23  Missile Turret  
  194  16:26  Missile Turret  
  194  16:39  Command Center  
  190  16:45  Missile Turret  
  190  16:47  Missile Turret  
  190  16:49  Missile Turret  
  190  17:03  Refinery  
  190  17:07  Missile Turret  
Show
View Real Time Build Order
Export as new Build Order

glhf Zerg 

Build Orders: Pool First 

Get SALT Encoding   

  12  0:02  Drone  
  13  0:08  Drone  
  14  0:17  Overlord  
  14  0:33  Extractor, Drone  
  14  0:36  Drone x2  
  16  0:48  Drone  
  17  0:55  Spawning Pool  
  16  0:57  Drone  
  17  1:11  Drone  
  18  1:32  Hatchery  
  17  1:42  Zergling x2  
  17  1:43  Zergling x4  
  17  1:44  Metabolic Boost  
  20  1:54  Queen  
  20  1:59  Overlord  
  22  2:31  Drone x3  
  25  2:47  Drone x2  
  27  3:00  Hatchery  
  27  3:04  Drone x3  
  29  3:08  Overlord  
  29  3:14  Drone x3  
  29  3:16  Queen  
  34  3:33  Drone x4  
  38  3:42  Drone  
  38  3:43  Drone  
  40  3:55  Drone x2  
  42  3:59  Lair  
  42  4:04  Drone x2  
  44  4:10  Extractor  
  44  4:11  Evolution Chamber, Overlord x4  
  44  4:13  Queen, Baneling Nest  
  43  4:18  Queen  
  43  4:35  Zergling x8  
  43  4:36  Zergling x2  
  47  4:40  Drone  
  47  4:41  Drone x4  
  47  4:42  Roach Warren  
  51  4:48  Overlord x2  
  51  4:57  Spore Crawler, Spine Crawler  
  51  4:59  Spore Crawler  
  48  5:02  Extractor  
  48  5:05  Drone  
  48  5:07  Drone  
  48  5:08  Hydralisk Den  
  43  5:36  Zergling x2, Roach x6  
  43  5:37  Zergling x6  
  58  5:50  Roach x2  
  58  5:51  Roach  
  58  5:53  Drone x3  
  58  5:54  Roach x2  
  70  6:06  Drone x4  
  70  6:08  Zergling x6  
  75  6:19  Roach  
  75  6:20  Roach x3  
  83  6:26  Drone x3  
  83  6:27  Extractor  
  84  6:41  Roach  
  84  6:42  Roach x5  
  83  7:00  Zergling x2  
  77  7:01  Zergling x10  
  77  7:05  Drone  
  78  7:14  Grooved Spines  
  78  7:17  Zergling x2  
  78  7:18  Zergling x4  
  78  7:20  Drone  
  82  7:34  Zerg Missile Weapons Level 1  
  82  7:50  Hydralisk x3  
  82  7:51  Hydralisk x3  
  94  8:00  Drone x2  
  94  8:01  Drone x2  
  94  8:05  Overlord x6  
  98  8:14  Spire  
  98  8:15  Hatchery  
  96  8:20  Evolution Chamber  
  96  8:24  Drone, Infestation Pit  
  96  8:25  Drone  
  96  8:28  Nydus Network  
  76  8:44  Zergling x6  
  76  8:45  Zergling x10, Roach  
  76  8:46  Roach  
  74  9:05  Zergling x2  
  74  9:06  Zergling x4  
  77  9:11  Spore Crawler, Spine Crawler  
  77  9:16  Drone x6  
  81  9:19  Zerg Ground Armor Level 1  
  81  9:41  Drone x2  
  81  9:42  Drone x4  
  81  9:44  Extractor, Mutalisk  
  81  9:45  Mutalisk x3, Extractor  
  88  9:47  Mutalisk  
  88  9:50  Mutalisk  
  97  9:54  Roach  
  97  9:55  Roach  
  97  9:58  Zerg Missile Weapons Level 2  
  101  10:17  Mutalisk x2  
  101  10:18  Mutalisk x3  
  111  10:26  Mutalisk  
  113  10:30  Drone x6  
  113  10:34  Drone  
  113  10:35  Drone  
  121  10:41  Roach  
  123  11:13  Roach  
  123  11:14  Roach x11  
  147  11:45  Roach  
  147  11:46  Roach x3  
  151  11:48  Overlord  
  151  11:49  Overlord x7  
  151  12:03  Hive  
  151  12:06  Muscular Augments  
  151  12:07  Hydralisk  
  151  12:08  Hydralisk x4  
  161  12:29  Hatchery  
  156  12:38  Hatchery  
  156  12:39  Roach  
  156  12:40  Roach x10  
  156  12:43  Drone  
  178  12:48  Extractor  
  177  13:09  Corruptor  
  177  13:10  Corruptor x7  
  193  13:19  Zerg Melee Weapons Level 1  
  193  13:21  Zerg Missile Weapons Level 3  
  193  13:24  Greater Spire  
  193  14:06  Corruptor  
  193  14:07  Corruptor x3  
  199  14:43  Corruptor x4  
  199  14:44  Corruptor  
  163  14:47  Brood Lord x5  
  92  15:43  Roach x14  
  118  15:54  Roach  
Tags
 
Add a new tag
Caveats
  • Supply blocks, unpowered buildings, or Contaminate may cause inaccurate times.
  • Supply counts are checked every 10 seconds.